 Dungeon Crawl Stone Soup version 0.30.1-3-gfc49f6343a (webtiles) character file.

Game seed: 4772113453020236894

35 jtron the Sneak (level 3, -1/25 HPs)
             Began as a Gnoll Wanderer on Aug 7, 2023.
             Slain by a gnoll
             ... wielding a +0 spear
              (4 damage)
             ... on level 2 of the Dungeon.
             The game lasted 00:03:16 (1474 turns).

jtron the Sneak (Gnoll Wanderer)                    Turns: 1474, Time: 00:03:16

Health: -1/25      AC:  4    Str:  7    XL:     3   Next: 33%
Magic:  4/7        EV: 11    Int: 13    God:
Gold:   100        SH:  5    Dex: 15    Spells: 6/7 levels left

rFire   . . .        a - +2 dagger
rCold   . . .        c - +0 buckler
rNeg    . . .        e - +0 robe
rPois   .            (no helmet)
rElec   .            n - +0 cloak
rCorr   .            j - +0 pair of gloves
SInv    .            (no boots)
Will    .....        (no amulet)
Stlth   +++          (no ring)
HPRegen 0.24/turn    (no ring)
MPRegen 0.10/turn

%: no passive effects
@: mighty
A: fangs 1, strong nose, distributed training
a: no special abilities


You were on level 2 of the Dungeon.
You visited 1 branch of the dungeon, and saw 2 of its levels.

You collected 100 gold pieces.

Inventory:

Hand Weapons
 a - a +2 dagger (weapon)
Missiles
 g - 16 stones (quivered)
Armour
 c - a +0 buckler (worn)
 e - a +0 robe (worn)
 j - a +0 pair of gloves (worn)
 k - a +0 leather armour
 n - a +0 cloak (worn)
Scrolls
 d - a scroll of teleportation
 h - 3 scrolls of identify {unknown}
 i - a scroll of enchant weapon {unknown}
 l - a scroll of immolation {unknown}
 p - a scroll of brand weapon {unknown}
 q - a scroll of noise {unknown}
Potions
 f - 2 potions of invisibility {unknown}
 m - a potion of curing {unknown}
 o - a potion of lignification {unknown}


   Skills:
 + Level 0.8 Fighting
 + Level 0.8 Short Blades
 + Level 0.8 Long Blades
 + Level 0.8 Axes
 + Level 0.8 Maces & Flails
 + Level 0.8 Polearms
 + Level 0.8 Staves
 + Level 0.8 Ranged Weapons
 + Level 0.8 Throwing
 + Level 4.5 Armour
 + Level 0.8 Dodging
 + Level 6.0 Stealth
 + Level 4.5 Shields
 + Level 0.8 Unarmed Combat
 + Level 2.8 Spellcasting
 + Level 0.5 Conjurations
 + Level 2.1 Hexes
 + Level 0.5 Summonings
 + Level 0.5 Necromancy
 + Level 0.5 Translocations
 + Level 0.5 Transmutations
 + Level 0.5 Fire Magic
 + Level 0.5 Ice Magic
 + Level 0.5 Air Magic
 + Level 0.5 Earth Magic
 + Level 0.5 Poison Magic
 + Level 1.0 Invocations
 + Level 2.6 Evocations


You had 6 spell levels left.
You knew the following spells:

 Your Spells              Type           Power      Damage    Failure   Level
a - Slow                  Hex            28%        N/A       16%         1

Your spell library contained the following spells:

 Spells                   Type           Power      Damage    Failure   Level
 Portal Projectile        Hex/Tloc       10%        N/A       54%         3


Dungeon Overview and Level Annotations

Branches:
Dungeon (2/15)

Altars:


Innate Abilities, Weirdness & Mutations

You have very sharp teeth.
Your uncanny sense of smell can sniff out nearby items.
Your experience applies equally to all skills.


Message History

The gnoll barely misses you.
You hit the gnoll.
The gnoll is moderately wounded.
You block the gnoll's attack.
You completely miss the gnoll. Your bite misses the gnoll.
The gnoll is moderately wounded.
You hit the gnoll.
The gnoll is moderately wounded.
The gnoll hits you with a +0 spear.
You hit the gnoll.
The gnoll is severely wounded.
The gnoll barely misses you.
You hit the gnoll. Your bite misses the gnoll.
The gnoll is severely wounded.
You barely miss the gnoll. You bite the gnoll, but do no damage.
The gnoll is severely wounded.
The gnoll hits you with a +0 spear.
You barely miss the gnoll.
The gnoll is severely wounded.
The gnoll is no longer moving slowly.
The gnoll hits you with a +0 spear.
You hit the gnoll but do no damage. You bite the gnoll, but do no damage.
The gnoll is severely wounded.
The gnoll barely misses you.
You hit the gnoll.
The gnoll is almost dead.
The gnoll hits you with a +0 spear!
* * * LOW HITPOINT WARNING * * *
You completely miss the gnoll.
The gnoll is almost dead.
You block the gnoll's attack.
You closely miss the gnoll.
The gnoll is almost dead.
You block the gnoll's attack.
You closely miss the gnoll.
The gnoll is almost dead.
The gnoll hits you with a +0 spear.
* * * LOW HITPOINT WARNING * * *
You feel very mighty all of a sudden. The gnoll hits you with a +0 spear.
You die...

#....#########..#.####.#.......##
#.....# #...<...#.#.......#
#.....# #....##.#.#.......#
##+#..### ###....##.#.#.......#
##.#....####.........#.#†.g....#
.......>.....#.#######.#.......#
##.####.######.........#.#######
.....##.# #############.#
##.#.##.# #....@g.[.....#
##.#.##.# #.#############
...#.##.# #.# ####.##.# #.#
.....##.# #.# #######.# #.#
........# #.# ##..########.#
.............#


You could see a gnoll.

Vanquished Creatures
  A dart slug (D:1)
  An endoplasm (D:1)
  2 giant cockroaches (D:1)
  5 goblins
  3 hobgoblins (D:1)
  A quokka (D:1)
  3 ball pythons
  7 bats
  3 frilled lizards
  2 kobolds (D:1)
  3 rats
31 creatures vanquished.

Notes
Turn   | Place    | Note
-------+----------+-------------------------------------------
     0 | D:1      | jtron the Gnoll Wanderer began the quest for the Orb.
     0 | D:1      | jtron set off with the following items: a +2 dagger, a
                  | potion of might, a +0 buckler, a scroll of teleportation, a
                  | +0 robe; and the following spell memorised: Slow; and the
                  | following spells available to memorise: Portal Projectile.
     0 | D:1      | Reached XP level 1. HP: 13/13 MP: 4/4
   214 | D:1      | Reached XP level 2. HP: 15/19 MP: 3/5
   783 | D:1      | Reached XP level 3. HP: 25/25 MP: 7/7
   997 | D:1      | Reached skill level 6 in Stealth
  1419 | D:2      | Reached skill level 1 in Invocations
  1474 | D:2      | Slain by a gnoll

Illustrated notes

Levels and vault maps discovered:
D:1:      sevenhm_arrival_forest_fort_small_6, layout_basic, st_stairs_6,
          minmay_misc_feat_more_columns, minmay_octomino_j4
D:2:      layout_basic

Skill      XL: |  1  2  3 |
---------------+----------+-----
Hexes          | 2 |  2.1
Stealth        | 6 |  6.0
Invocations    | 1 |  1.0
Fighting       | |  0.8
Short Blades   | |  0.8
Long Blades    | |  0.8
Axes           | |  0.8
Maces & Flails | |  0.8
Polearms       | |  0.8
Staves         | |  0.8
Ranged Weapons | |  0.8
Throwing       | |  0.8
Armour         | |  4.5
Dodging        | |  0.8
Shields        | |  4.5
Unarmed Combat | |  0.8
Spellcasting   | |  2.8
Conjurations   | |  0.5
Summonings     | |  0.5
Necromancy     | |  0.5
Translocations | |  0.5
Transmutations | |  0.5
Fire Magic     | |  0.5
Ice Magic      | |  0.5
Air Magic      | |  0.5
Earth Magic    | |  0.5
Poison Magic   | |  0.5
Evocations     | |  2.6

Action                     || total
---------------------------++-------
  Melee: Dagger            ||    88
         Bite              ||    14
  Throw: Stone             ||     2
   Cast: Slow              ||    20
    Use: Potion            ||     1
   Stab: Sleeping          ||    13
 Armour: Robe              ||    17
  Dodge: Dodged            ||    22
  Block: Buckler           ||    16
